 Dungeon Crawl Stone Soup version 0.18.1-50-g88ac8fd (webtiles) character file.

521196 varam the Ninja (level 23, -18/123 HPs)
             Began as a Spriggan Enchanter on Oct 10, 2016.
             Was a Priest of Kikubaaqudgha.
             Killed from afar by a Hell Sentinel (49 damage)
             ... with damnation
             ... on level 4 of the Abyss on Oct 12, 2016.
             The game lasted 10:31:38 (112544 turns).

varam the Ninja (Spriggan Enchanter)              Turns: 112544, Time: 10:31:41

Health: -18/123    AC: 14    Str:  7    XL:     23   Next: 78%
Magic:  40/40      EV: 35    Int: 24    God:    Kikubaaqudgha [***...]
Gold:   2379       SH: 15    Dex: 20    Spells: 10 memorised, 2 levels left

rFire  + + +     SeeInvis +     w - +8 quick blade (pain)
rCold  + + +     Gourm    .     a - +4 troll leather armour "Ogent" {rF+ rC+ Regen+ Stlth+}
rNeg   . . .     Faith    .     p - +0 buckler {rC+}
rPois  +         Spirit   .     J - +0 mask of the Dragon {MR+ Slay+3 SInv}
rElec  +         Dismiss  .     N - +2 cloak {rPois}
rCorr  .         Reflect  +     (gloves unavailable)
SustAt .         Harm     .     (boots unavailable)
MR     +++++                    P - +6 amulet of reflection
Stlth  ++++++++++               S - ring "Layj Niw" {rElec rPois Str+3 Dex+3}
                                m - ring "Ritaun" {rF++ rC+ MR+ AC+3}

@: non-regenerating, mildly diseased, very quick, almost entirely resistant to
hostile enchantments, uncannily stealthy
A: unfitting armour, see invisible, dopey 1, herbivore 3, speed 3, slow
metabolism 2
a: Receive Corpses, Renounce Religion
}: 4/15 runes: decaying, serpentine, slimy, silver


You were on level 4 of the Abyss.
You worshipped Kikubaaqudgha.
Kikubaaqudgha was most pleased with you.
You were not hungry.

You visited 10 branches of the dungeon, and saw 48 of its levels.
You visited the Abyss 1 time.
You visited 1 bazaar.
You also visited: Labyrinth and Ice Cave.

You collected 6050 gold pieces.
You spent 3671 gold pieces at shops.

Inventory:

Hand Weapons
 h - a +0 demon whip of flaming
 w - a +8 quick blade of pain (weapon)
 x - the +4 arc blade {discharge, rElec}
   (You found it on level 7 of the Lair of Beasts)

   It insulates you from electricity.
Missiles
 b - 458 stones (quivered)
Armour
 a - the +4 troll leather armour "Ogent" (worn) {rF+ rC+ Regen+ Stlth+}
   (You took it off a fire giant on level 5 of the Vaults)

   It protects you from fire.
   It protects you from cold.
   It increases your rate of regeneration.
   It makes you more stealthy.
 p - a +0 buckler of cold resistance (worn)
 J - the +0 mask of the Dragon (worn) {MR+ Slay+3 SInv}
   (You found it on level 5 of the Vaults)

   It affects your accuracy and damage with ranged weapons and melee attacks
   (+3).
   It affects your resistance to hostile enchantments.
   It lets you see invisible.
 N - a +2 cloak of poison resistance (worn)
Rods
 L - a +3 iron rod (13/13)
   (You found it on level 6 of the Pits of Slime)
 O - a +0 iron rod (12/12)
   (You took it off a vault warden on level 5 of the Vaults)
 Q - a +1 rod of shadows (13/13)
   (You found it on level 6 of the Pits of Slime)
 X - a +9 lightning rod (13/13)
   (You found it in a labyrinth)
 Z - a +1 rod of ignition (14/14)
   (You took it off a deep elf high priest on level 5 of the Vaults)
Jewellery
 j - an uncursed ring of positive energy
 m - the ring "Ritaun" (left hand) {rF++ rC+ MR+ AC+3}
   (You took it off a minotaur on level 12 of the Dungeon)

   [ring of protection]

   It affects your AC (+3).
   It greatly protects you from fire.
   It protects you from cold.
   It affects your resistance to hostile enchantments.
 q - an uncursed ring of poison resistance
 D - an uncursed ring of resist corrosion
 P - a +6 amulet of reflection (around neck)
 S - the ring "Layj Niw" (right hand) {rElec rPois Str+3 Dex+3}
   (You took it off a vault warden on level 5 of the Vaults)

   [ring of dexterity]

   It affects your strength (+3).
   It affects your dexterity (+3).
   It insulates you from electricity.
   It protects you from poison.
 V - an uncursed ring of wizardry
Wands
 k - a wand of flame (10/48)
 r - a wand of random effects (21/48)
 G - a wand of teleportation (5/9)
 U - a wand of digging (7/24)
Scrolls
 i - 11 scrolls of remove curse
 n - 13 scrolls of teleportation
 o - 3 scrolls of recharging
 t - 3 scrolls of blinking
 u - 5 scrolls of magic mapping
 y - 2 scrolls of enchant weapon
 z - 11 scrolls of identify
 A - 6 scrolls of fog
 B - 7 scrolls of fear
 M - 7 scrolls of enchant armour
Potions
 e - a potion of magic
 f - 18 potions of curing
 g - 7 potions of haste
 l - 4 potions of might
 v - 5 potions of brilliance
 E - a potion of flight
 W - 2 potions of ambrosia
 Y - 3 potions of agility
Books
 s - Gemiulaj's Tome of Boosting Transmigration
   (You found it on level 5 of the Vaults)

   Spells                             Type                      Level
   a - Repel Missiles                 Charms/Air                   2
   b - Swiftness                      Charms/Air                   2
   c - Petrify                        Transmutation/Earth          4
   d - Irradiate                      Conjuration/Transmutation    5
   e - Statue Form                    Transmutation/Earth          6
 C - a book of Spatial Translocations

   Spells                             Type                      Level
   a - Apportation                    Translocation                1
   b - Blink                          Translocation                2
   c - Shroud of Golubria             Charms/Translocation         2
   d - Portal Projectile              Translocation                3
   e - Teleport Other                 Translocation                3
   f - Passage of Golubria            Translocation                4
 K - the Almanac of the Shifting Compass
   (You found it on level 6 of the Pits of Slime)

   Spells                             Type                      Level
   a - Shroud of Golubria             Charms/Translocation         2
   b - Portal Projectile              Translocation                3
   c - Spider Form                    Transmutation/Poison         3
   d - Hydra Form                     Transmutation                6
Miscellaneous
 c - a lamp of fire
 H - a plain deck of changes {Fortitude}
 I - a plain deck of defence {the Banshee}
 R - a phial of floods (inert)
 T - an ornate deck of summoning {drawn: 1}
Comestibles
 d - 7 bread rations


   Skills:
 - Level 13.9 Fighting
 - Level 12.0 Short Blades
 - Level 3.1 Armour
 - Level 20.1 Dodging
 O Level 27 Stealth
 - Level 9.5 Shields
 + Level 12.6 Spellcasting
 - Level 12.4 Hexes
 - Level 13.2 Charms
 - Level 17.1 Necromancy
 + Level 6.6 Translocations
 * Level 10.9 Air Magic
 - Level 7.0 Evocations


You had 2 spell levels left.
You knew the following spells:

 Your Spells              Type           Power        Failure   Level  Hunger
a - Invisibility          Hex            ######..     6%          6    #####..
b - Haste                 Chrm           ######..     4%          6    #####..
c - Confuse               Hex            ######..     1%          3    None
d - Dazzling Spray        Conj/Hex       #####.       1%          3    None
e - Animate Dead          Necr           N/A          1%          4    None
f - Dispel Undead         Necr           #######.     1%          5    ###....
g - Ensorcelled Hibernat  Hex/Ice        #####.       1%          2    None
h - Tornado               Air            ######....   100%        9    #######
i - Passage of Golubria   Tloc           N/A          4%          4    None
z - Regeneration          Chrm/Necr      ######....   1%          3    None


Dungeon Overview and Level Annotations

Branches:
Dungeon (15/15)            Temple (0/1) D:7            Lair (8/8) D:8
  Swamp (4/4) Lair:5        Snake (4/4) Lair:6        Slime (6/6) Lair:8
    Orc (2/2) D:11            Elf (2/3) Orc:2        Vaults (5/5) D:13
  Crypt (1/3) Vaults:2     Depths (1/5) D:15

Altars:
Cheibriados
Dithmenos
Kikubaaqudgha
Nemelex Xobeh
Qazlal
Sif Muna
Trog
Vehumet
Xom
Yredelemnul
The Shining One
Beogh
Jiyva

Shops:
D:4 %*:   D:5 =   D:8 %   D:13 =   Orc:2 (*%[   Elf:1 [(%   Snake:2 ?
Vaults:5 ?*

Portals:
Abyss: Depths:1

Annotations:
D:4 Blork the orc
Snake:1 exclusion: Roxanne, Roxanne


Innate Abilities, Weirdness & Mutations

You are tiny and cannot use many weapons and most armour.
You have supernaturally acute eyesight.
You are a herbivore.
You cover ground extremely quickly.
You need consume almost no food.
You are dopey. (Int -2)


Message History

The fire bat bites your titan zombie but does no damage.
The ynoxinul gestures.
A fire bat and a Hell Sentinel come into view.
You swap places.
The fire bat bites your titan zombie but does no damage.
The fire bat closely misses your spriggan zombie.
Your spriggan zombie hits the fire bat!
Your titan zombie hits the fire bat!!
The fire bat dies!
Kikubaaqudgha accepts your kill.
You swap places.
You hit the ufetubus.
You kill the ufetubus!
The ufetubus closely misses you. The ufetubus misses you.
You puncture the fire bat!
The fire bat writhes in agony.
You kill the fire bat!
Kikubaaqudgha accepts your kill. The Hell Sentinel gestures at you.
The damnation unfurls!
The damnation engulfs you!
You die...
Kikubaaqudgha rasps: "You have failed me!
Welcome... death!"

... . # .≈ # . . .
. # ## ...
#.#####.###1... . .
#.#..#.Z#5......
.#.#...ZZ@.3..... .
x #...#ZZ.#..... #
......ZZ#.......# .
.......Z..........
...
................. .
............##.#...
.##...........#
.##.#
......#......### ##
# . . #


You could see a Hell Sentinel, a ynoxinul, an ufetubus, a friendly anaconda
zombie, a friendly dire elephant zombie, a friendly shadow dragon zombie, a
friendly emperor scorpion zombie, a friendly snapping turtle zombie, a friendly
spriggan zombie and 2 friendly titan zombies.

Vanquished Creatures
  the Royal Jelly (Slime:6)
  An ancient lich (Vaults:5)
  Frederick (Vaults:4)
  Saint Roka (Vaults:3)
  Norris (Vaults:3)
  A golden dragon (Vaults:4)
  Nikola (Snake:1)
  2 titans (Vaults:5)
  Asterion (Snake:1)
  29 acid blobs
  3 tentacled starspawn
  2 sphinxes
  3 tengu reavers (Vaults:4)
  Kirke (Snake:1)
  The ghost of varam the Ninja, an adept SpEn of Makhleb (Vaults:2)
  22 azure jellies
  11 greater nagas
  A storm dragon (Vaults:5)
  Wiglaf (Vaults:4)
  3 fire giants (Vaults:5)
  3 shadow dragons (Vaults:5)
  An iron dragon (Vaults:5)
  4 frost giants
  2 balrugs
  28 vault wardens
  2 ghouls
  9 very ugly things
  8 stone giants
  17 ironheart preservers
  2 salamander stormcallers (Vaults:5)
  Nessos (Lair:5)
  A deep elf demonologist (Vaults:4)
  A deep elf annihilator (Vaults:5)
  Snorg (D:10)
  A green death (Abyss:4)
  An ettin (shapeshifter) (Vaults:1)
  A crystal guardian (Vaults:3)
  A deep elf death mage (Vaults:5)
  12 ettins
  17 death oozes
  3 deep elf high priests
  4 fire dragons
  6 yaktaur captains
  A minotaur (D:12)
  34 vault guards
  13 great orbs of eyes
  2 ice dragons
  A ghost crab (Swamp:3)
  17 hydras
  A catoblepas (D:15)
  20 naga warriors
  A ghost crab (shapeshifter) (Vaults:5)
  4 death knights
  9 anacondas
  10 ogre magi
  3 dancing weapons
  13 centaur warriors
  4 alligators
  14 death yaks
  4 tengu warriors
  4 deep troll earth magi
  14 naga sharpshooters (Snake:4)
  A queen ant (Lair:5)
  4 thrashing horrors
  Nergalle (D:10)
  10 shock serpents
  A soul eater (Vaults:2)
  2 salamander mystics
  4 spriggans
  8 deep elf knights
  6 wretched stars
  3 fire crabs
  4 skeletal warriors
  5 large abominations
  A spatial maelstrom (Abyss:1)
  A giant orange brain (Slime:6)
  2 shadow wraiths
  A spriggan druid (Swamp:4)
  An unseen horror (shapeshifter) (Vaults:1)
  7 swamp dragons
  A starcursed mass (Abyss:1)
  7 deep trolls
  7 unseen horrors
  A swamp dragon (shapeshifter) (Vaults:5)
  8 naga ritualists
  3 deep elf archers
  6 phantasmal warriors
  3 hill giants
  2 lindwurms (Lair:8)
  16 mana vipers
  The ghost of varam the Digger, a novice GrEE of Vehumet (D:7)
  8 harpies
  3 necromancers
  21 ironbrand convokers
  22 orc knights
  A sphinx zombie (Vaults:1)
  2 salamanders (shapeshifter)
  7 hornets
  2 wolf spiders (Vaults:2)
  8 salamanders
  3 orc sorcerers
  7 griffons
  26 deep elf magi
  2 oklob plants (Lair:8)
  A manticore (D:14)
  8 shining eyes
  30 ugly things
  11 cyclopes
  A stone giant skeleton (Vaults:2)
  10 elephants
  A worldbinder (Abyss:1)
  Psyche (Lair:4)
  42 black mambas
  5 torpor snails (Lair:8)
  4 guardian serpents (Snake:4)
  5 eyes of devastation
  A smoke demon (Abyss:2)
  An orange demon (Abyss:1)
  A torpor snail (shapeshifter) (Vaults:1)
  10 vault sentinels
  20 spiny frogs
  7 naga magi
  3 gargoyles
  5 kobold demonologists
  A hellion (Abyss:1)
  A rime drake (shapeshifter) (D:15)
  11 freezing wraiths
  2 rime drakes
  40 yaktaurs
  A yaktaur (shapeshifter) (Vaults:4)
  The ghost of Krapule the Sneak, a novice HaAs (D:5)
  13 ice devils (IceCv)
  A yaktaur zombie (Vaults:2)
  A hellwing (Abyss:4)
  A tormentor (Abyss:1)
  6 komodo dragons
  2 yaktaur skeletons
  A polar bear (Lair:7)
  2 efreet
  2 ancient zymes
  A troll (shapeshifter) (Vaults:4)
  7 trolls
  4 human skeletons
  A merfolk (shapeshifter) (Vaults:5)
  A jumping spider (Vaults:4)
  A tengu simulacrum (Vaults:2)
  8 giant leeches
  27 two-headed ogres
  4 raiju
  9 boulder beetles
  156 slime creatures
  A raiju (shapeshifter) (Vaults:5)
  3 slime creatures (shapeshifter)
  18 blink frogs
  3 bog bodies
  A hornet zombie (D:14)
  A vampire (D:14)
  5 shadows
  A tarantella (Vaults:4)
  3 ynoxinuls (Abyss:1)
  2 air elementals (Elf:1)
  4 wyverns
  15 redbacks
  2 fire bats
  A water elemental (Elf:1)
  51 yaks
  13 golden eyes
  5 hogs
  8 humans
  3 wraiths
  5 basilisks
  6 hungry ghosts
  18 hippogriffs
  2 neqoxecs (Abyss:1)
  3 steam dragons
  2 yaktaur simulacra
  Edmund (D:6)
  A chaos spawn (Abyss:4)
  2 spatial vortices (Abyss:1)
  21 swamp worms
  33 vampire mosquitoes
  4 insubstantial wisps
  10 soldier ants
  11 wargs
  2 mottled dragons
  48 nagas
  18 water moccasins
  10 porcupines
  A giant eyeball (Slime:4)
  2 hell hounds (D:8)
  An eye of draining (shapeshifter) (Vaults:3)
  10 ice beasts
  6 swamp drakes
  4 sky beasts
  12 wasps
  3 black bears
  46 orc warriors
  3 phantoms
  The ghost of Rekenzichi the Poker, an amateur DrGl (D:4)
  56 ogres
  16 eyes of draining
  3 necrophages
  30 centaurs
  4 boggarts (Vaults:3)
  3 wolves (Lair:5)
  27 crocodiles
  16 big kobolds
  21 giant frogs
  A water moccasin zombie (D:10)
  2 gnoll sergeants (Orc:1)
  A deep troll simulacrum (Vaults:2)
  2 earth elementals (Elf:1)
  6 small abominations
  3 scorpions
  4 killer bees (D:12)
  26 wights
  5 howler monkeys
  3 vampire bats (D:3)
  2 electric eels (Lair:3)
  7 crimson imps
  9 hounds
  A quasit (Abyss:4)
  4 centaur zombies
  4 iron imps
  15 orc priests
  5 giant frog skeletons
  43 jellies
  3 centaur skeletons
  28 orc wizards
  8 iguanas
  30 worker ants
  46 sheep
  A hound zombie (D:8)
  15 gnolls
  15 adders
  57 river rats
  6 shadow imps
  11 white imps
  9 ufetubi
  5 oozes
  2 adder skeletons
  22 worms
  3 dart slugs (D:3)
  7 giant geckos
  105 orcs
  4 bat skeletons (D:3)
  2 bat zombies (D:3)
  3 giant cockroaches
  8 goblins
  6 hobgoblins
  17 jackals
  22 kobolds
  5 quokkas
  6 bats
  6 giant newts
  4 rats (D:3)
  3 fungi (Lair:8)
  2 lurking horrors
  3 plants (Lair:8)
2292 creatures vanquished.

Vanquished Creatures (collateral kills)
  the Lernaean hydra (Swamp:4)
  A bone dragon (Abyss:2)
  An Ice Fiend (Vaults:5)
  5 acid blobs
  An Executioner (Abyss:4)
  3 tentacled starspawn (Abyss:4)
  Gastronok (Lair:3)
  A storm dragon (Vaults:5)
  A shadow dragon (Vaults:5)
  5 thorn hunters
  2 azure jellies (Slime:6)
  2 greater nagas (Snake:4)
  2 vault wardens
  A draconian zealot (Abyss:4)
  A war gargoyle (Vaults:5)
  19 starcursed masses
  An ironheart preserver (Vaults:4)
  A very ugly thing (Vaults:4)
  A green draconian (Abyss:4)
  2 deep elf annihilators
  7 vault guards
  3 death oozes (Slime:6)
  A fire dragon (Vaults:1)
  A deep elf high priest (Vaults:5)
  A yaktaur captain (Vaults:2)
  A rakshasa (Depths:1)
  A hydra (Swamp:4)
  7 naga warriors
  2 ogre magi (Vaults:4)
  4 death yaks
  5 naga sharpshooters (Snake:4)
  A thrashing horror (Abyss:4)
  A shock serpent (Snake:4)
  A deep troll (D:15)
  A skeletal warrior (Vaults:1)
  2 shambling mangroves
  2 orc knights
  2 swamp dragons (Swamp:4)
  A naga ritualist (Lair:6)
  A phantasmal warrior (Vaults:5)
  An orange crystal statue (D:14)
  6 large abominations (Abyss:4)
  A mana viper (Snake:4)
  A hornet (Vaults:3)
  An orc sorcerer (Vaults:3)
  A salamander (Snake:4)
  A deep elf mage (Vaults:5)
  A griffon (shapeshifter) (Vaults:3)
  A worldbinder (Abyss:4)
  10 black mambas
  5 smoke demons (Abyss:4)
  An orange demon (Abyss:4)
  6 naga magi (Snake:4)
  A rime drake (Lair:8)
  A freezing wraith (Vaults:2)
  3 yaktaurs
  An ancient zyme (Abyss:4)
  A hellwing (Abyss:4)
  2 komodo dragons (Lair:8)
  A two-headed ogre (Orc:2)
  2 bog bodies
  4 slime creatures
  A redback (shapeshifter) (Vaults:5)
  A spriggan (Swamp:3)
  2 ynoxinuls (Abyss:4)
  2 fire bats (Abyss:4)
  A basilisk (Lair:8)
  2 vampire mosquitoes (Vaults:1)
  2 steam dragons (Lair:8)
  16 nagas
  A spatial vortex (Abyss:1)
  2 swamp worms
  2 wargs
  9 insubstantial wisps
  A porcupine (Lair:6)
  4 swamp drakes
  2 wasps
  3 orc warriors
  2 small abominations (Abyss:4)
  7 ogres
  2 crocodiles (Lair:8)
  A jelly (Slime:1)
  A quasit (Abyss:1)
  An orc priest (Vaults:1)
  An iguana (Lair:8)
  An orc wizard (Vaults:5)
  A sheep (Vaults:2)
  3 orcs
  2 briar patches
  A fungus (Lair:6)
  4 plants (Lair:8)
  5 starspawn tentacles (Abyss:4)
232 creatures vanquished.

Vanquished Creatures (others)
  A draconian scorcher (Abyss:1)
  An ironheart preserver (Vaults:5)
  A deep elf annihilator (Vaults:3)
  A deep elf high priest (Vaults:5)
  A wretched star (Abyss:4)
  An ironbrand convoker (Vaults:4)
  A cyclops (Vaults:1)
  3 yaktaurs
  A neqoxec (Abyss:4)
  An elf simulacrum (Vaults:3)
  A small abomination (Abyss:4)
  A white imp (IceCv)
  3 ufetubi (IceCv)
  4 briar patches
  23 fungi
  24 plants
  12 starspawn tentacles
  322 starspawn tentacle segments
402 creatures vanquished.

Grand Total: 2926 creatures vanquished

Notes
Turn   | Place    | Note
--------------------------------------------------------------
     0 | D:1      | varam the Spriggan Enchanter began the quest for the Orb.
     0 | D:1      | Reached XP level 1. HP: 9/9 MP: 5/5
   574 | D:1      | Reached skill level 5 in Stealth
   574 | D:1      | Reached XP level 2. HP: 12/13 MP: 6/6
   580 | D:1      | Learned a level 2 spell: Ensorcelled Hibernation
  1351 | D:2      | Reached XP level 3. HP: 7/16 MP: 2/8
  1753 | D:2      | Learned a level 3 spell: Confuse
  1923 | D:2      | Reached skill level 6 in Stealth
  2038 | D:2      | Reached XP level 4. HP: 21/21 MP: 5/9
  2143 | D:3      | Found a snail-covered altar of Cheibriados.
  2223 | D:3      | Found a faded altar to an unknown god.
  2407 | D:3      | Found an ancient bone altar of Kikubaaqudgha.
  2420 | D:3      | Reached XP level 5. HP: 21/24 MP: 1/10
  2423 | D:3      | Reached skill level 7 in Stealth
  2473 | D:3      | Became a worshipper of Kikubaaqudgha
  2683 | D:3      | Noticed an orc warrior
  2738 | D:4      | Noticed Rekenzichi's ghost (amateur DrGl)
  2802 | D:4      | Noticed a sky beast
  2808 | D:4      | Noticed Blork the orc
  3067 | D:3      | Killed an orc warrior
  3067 | D:3      | Reached skill level 8 in Stealth
  3067 | D:3      | Reached XP level 6. HP: 28/28 MP: 0/11
  3260 | D:4      | Killed Rekenzichi's ghost
  3291 | D:4      | Found Kuseyrch's Food Shop.
  3296 | D:4      | Bought a bread ration for 55 gold pieces
  3381 | D:4      | Found Teluajut's General Store.
  3384 | D:4      | Bought a scroll of remove curse for 39 gold pieces
  3420 | D:4      | Reached skill level 5 in Hexes
  3577 | D:4      | Killed a sky beast
  3577 | D:4      | Reached XP level 7. HP: 27/32 MP: 9/14
  3617 | D:4      | Found a bloodstained altar of Trog.
  3781 | D:4      | Found Eteuhol's Book Boutique.
  3987 | D:5      | Entered Level 5 of the Dungeon
  4126 | D:5      | Noticed Krapule's ghost (novice HaAs)
  4346 | D:5      | Reached * piety under Kikubaaqudgha
  4346 | D:5      | Received a gift from Kikubaaqudgha
  4347 | D:5      | Identified Kikubaaqudgha's Handbook of Unholy Secrets (Kikubaaqudgha gifted it to you on level 5 of the Dungeon)
  4499 | D:5      | Reached skill level 1 in Necromancy
  4629 | D:5      | Killed Krapule's ghost
  4629 | D:5      | Reached XP level 8. HP: 35/36 MP: 6/15
  4641 | D:5      | Learned a level 3 spell: Dazzling Spray
  4979 | D:5      | Found Efunaiz's Jewellery Emporium.
  5726 | D:6      | Noticed Edmund
  5750 | D:6      | Killed Edmund
  5978 | D:6      | Reached skill level 10 in Hexes
  6522 | D:6      | Reached skill level 1 in Fighting
  6635 | D:6      | Reached ** piety under Kikubaaqudgha
  6705 | D:7      | Found a sparkling altar of Nemelex Xobeh.
  6714 | D:7      | Reached skill level 5 in Dodging
  6714 | D:7      | Reached XP level 9. HP: 41/41 MP: 9/16
  7008 | D:7      | Found a staircase to the Ecumenical Temple.
  7098 | D:7      | Noticed varam's ghost (novice GrEE)
  7113 | D:7      | Killed varam's ghost
  7442 | D:7      | Reached skill level 5 in Short Blades
  7494 | D:7      | Found a glowing golden altar of the Shining One.
  7609 | D:7      | Reached skill level 9 in Stealth
  8324 | D:5      | Got an ichor-stained mace
  8325 | D:5      | Identified the +5 mace of Innocence {freeze, +Rage rElec Str+4} (You found it on level 5 of the Dungeon)
  8389 | D:8      | Found a staircase to the Lair.
  8418 | D:8      | Reached skill level 10 in Stealth
  8418 | D:8      | Reached XP level 10. HP: 42/49 MP: 17/17
  8429 | D:8      | Reached *** piety under Kikubaaqudgha
  8429 | D:8      | Received a gift from Kikubaaqudgha
  8445 | D:8      | Identified Kikubaaqudgha's Tome of Dark Secrets (Kikubaaqudgha gifted it to you on level 8 of the Dungeon)
  8451 | D:8      | Learned a level 4 spell: Animate Dead
  8986 | D:8      | Found a radiant altar of Vehumet.
  9017 | D:8      | Found Oxtet's Food Emporium.
  9188 | D:8      | Reached skill level 11 in Stealth
  9623 | D:9      | Found a shadowy altar of Dithmenos.
  9853 | D:9      | Reached skill level 5 in Necromancy
 10371 | D:9      | Found a deep blue altar of Sif Muna.
 10409 | D:10     | Entered Level 10 of the Dungeon
 10503 | D:10     | Noticed a gargoyle
 10625 | D:12     | Noticed an unseen horror
 10630 | D:12     | Killed an unseen horror
 10630 | D:12     | Reached skill level 12 in Stealth
 10681 | D:12     | Found a labyrinth entrance.
 10704 | Lab      | Entered a labyrinth
 10929 | Lab      | Noticed a minotaur
 11087 | D:12     | Noticed a hill giant
 11108 | D:11     | Noticed an unseen horror
 11116 | D:11     | Killed an unseen horror
 11122 | D:11     | Reached XP level 11. HP: 34/52 MP: 2/18
 11284 | D:11     | Found a staircase to the Orcish Mines.
 11320 | D:11     | Reached **** piety under Kikubaaqudgha
 11539 | D:11     | Found a roughly hewn altar of Beogh.
 11730 | D:11     | Learned a level 5 spell: Dispel Undead
 11893 | D:11     | Reached skill level 13 in Stealth
 12635 | D:11     | Got a pitted ivory ring
 13024 | D:12     | Killed a minotaur
 13026 | D:12     | Got an ancient bronze ring
 13116 | D:12     | Killed a hill giant
 13116 | D:12     | Reached skill level 5 in Spellcasting
 13268 | D:12     | Reached ***** piety under Kikubaaqudgha
 13287 | D:12     | Noticed an unseen horror
 13289 | D:12     | Killed an unseen horror
 13370 | D:12     | Learned a level 3 spell: Regeneration
 13705 | D:13     | Noticed a six-headed hydra
 13727 | D:13     | Killed a six-headed hydra
 13758 | D:13     | Noticed a phantasmal warrior
 13881 | D:10     | Noticed Snorg
 13897 | D:10     | Killed Snorg
 13897 | D:10     | Reached skill level 5 in Fighting
 13928 | D:10     | Noticed Nergalle
 13935 | D:10     | Killed Nergalle
 13935 | D:10     | Reached XP level 12. HP: 60/60 MP: 17/24
 14515 | D:10     | Identified the ring "Ritaun" {rF++ rC+ MR+ AC+3} (You took it off a minotaur on level 12 of the Dungeon)
 14517 | D:10     | Identified the ring "Luikhlar" {rElec rPois Int+2 Slay-3} (You found it on level 11 of the Dungeon)
 14695 | D:5      | Bought the amulet of the Four Winds {rN+ MR+++ Clar} for 388 gold pieces
 14949 | Orc:1    | Entered Level 1 of the Orcish Mines
 15042 | Lair:1   | Entered Level 1 of the Lair of Beasts
 15051 | D:8      | Identified a +2 rod of shadows (14/14) (You found it in a labyrinth)
 15080 | D:8      | Learned a level 4 spell: Control Undead
 15140 | Lair:1   | Found an ancient bone altar of Kikubaaqudgha.
 16722 | Lair:3   | Reached skill level 10 in Dodging
 16787 | Lair:3   | Reached skill level 14 in Stealth
 17014 | Lair:3   | Noticed Gastronok
 17260 | Lair:3   | Reached skill level 10 in Short Blades
 17313 | Lair:3   | Killed Gastronok
 17944 | Lair:4   | Noticed Psyche
 17968 | Lair:4   | Reached ****** piety under Kikubaaqudgha
 18086 | Lair:4   | Killed Psyche
 18444 | Lair:4   | Reached skill level 15 in Stealth
 18444 | Lair:4   | Reached XP level 13. HP: 67/67 MP: 24/26
 19486 | Lair:5   | Found a staircase to the Swamp.
 19843 | Lair:5   | Noticed Nessos
 21693 | Lair:5   | Killed Nessos
 22029 | Lair:6   | Found a staircase to the Snake Pit.
 22748 | Lair:6   | Reached skill level 15 in Dodging
 22883 | Lair:6   | Reached XP level 14. HP: 76/76 MP: 21/27
 23312 | Lair:5   | Reached skill level 10 in Fighting
 23478 | Lair:6   | Reached skill level 1 in Charms
 23807 | Lair:8   | Entered Level 8 of the Lair of Beasts
 24288 | Lair:7   | Reached skill level 5 in Charms
 24895 | Lair:8   | Found a staircase to the Slime Pits.
 24932 | Lair:8   | Got a bloodstained hat
 24968 | Lair:8   | Reached skill level 16 in Stealth
 25243 | Lair:8   | Identified the cursed +0 hat "Giobb" {rC+ Str+4 Int+3 Dex-5} (You found it on level 8 of the Lair of Beasts)
 25444 | Lair:8   | Gained mutation: You have large cloven feet. [potion of mutation]
 25444 | Lair:8   | Gained mutation: Your body sometimes deteriorates upon taking damage. [potion of mutation]
 25763 | Lair:8   | Reached skill level 17 in Stealth
 26774 | Orc:1    | You fall through a shaft!
 26774 | Orc:2    | Entered Level 2 of the Orcish Mines
 27907 | Orc:2    | Reached skill level 10 in Charms
 28104 | Orc:2    | Found a staircase to the Elven Halls.
 28217 | Orc:2    | Reached skill level 18 in Stealth
 28786 | Orc:1    | Reached XP level 15. HP: 67/80 MP: 8/28
 30032 | Orc:2    | Found Rexusiwn's Antique Armour Boutique.
 30032 | Orc:2    | Found Wegh's General Store.
 30033 | Orc:2    | Found Qewk's Food Shoppe.
 30033 | Orc:2    | Found Qoweten's Weapon Shop.
 30043 | Orc:2    | Bought a runed robe for 17 gold pieces
 30416 | Orc:2    | Bought a potion of haste for 150 gold pieces
 30416 | Orc:2    | Bought a scroll of blinking for 112 gold pieces
 30416 | Orc:2    | Bought a scroll of identify for 30 gold pieces
 30968 | D:13     | Found a gate to the Vaults.
 31063 | D:13     | Found a stormy altar of Qazlal.
 31550 | D:13     | Found Ami Vif's Jewellery Boutique.
 31581 | D:14     | Reached skill level 19 in Stealth
 31590 | D:14     | Found a basalt altar of Yredelemnul.
 32589 | D:14     | Got a crystal trident
 32590 | D:14     | Identified the +5 trident of Rotation {pierce, rC++} (You found it on level 14 of the Dungeon)
 32773 | D:14     | Found a gateway to a bazaar.
 32844 | Bazaar   | Entered a bazaar
 32844 | Bazaar   | Found Onahuelu's Antique Weapon Shop.
 32893 | Bazaar   | Found Tiywno Pume's Antique Armour Shop.
 32920 | Bazaar   | Found Agidus's Distillery.
 32928 | Bazaar   | Bought 2 potions of invisibility for 208 gold pieces
 32928 | Bazaar   | Bought a potion of curing for 39 gold pieces
 32928 | Bazaar   | Bought a potion of mutation for 32 gold pieces
 32928 | Bazaar   | Bought a potion of beneficial mutation for 455 gold pieces
 32928 | Bazaar   | Bought a potion of heal wounds for 65 gold pieces
 32928 | Bazaar   | Bought a potion of curing for 39 gold pieces
 32928 | Bazaar   | Bought a potion of invisibility for 104 gold pieces
 32928 | Bazaar   | Bought a potion of curing for 39 gold pieces
 32928 | Bazaar   | Gained mutation: You are partially covered in rough black scales (AC +4, Dex -1). [potion of mutation]
 32928 | Bazaar   | Gained mutation: You are resistant to hostile enchantments. [potion of mutation]
 32928 | Bazaar   | Gained mutation: You have hoof-like feet. [potion of mutation]
 32929 | Bazaar   | Gained mutation: You are partially covered in molten scales (AC +1). [potion of beneficial mutation]
 33000 | Bazaar   | Bought a buckler for 81 gold pieces
 33183 | D:15     | Entered Level 15 of the Dungeon
 33240 | D:15     | Reached skill level 1 in Shields
 33253 | D:15     | Reached skill level 20 in Stealth
 33277 | D:15     | Found a staircase to the Depths.
 33277 | D:15     | Noticed a frost giant
 35425 | D:15     | Killed a frost giant
 35677 | D:15     | Reached XP level 16. HP: 85/85 MP: 22/29
 35738 | D:15     | Reached skill level 21 in Stealth
 36410 | D:13     | Bought a cursed +6 amulet of reflection for 308 gold pieces
 36410 | D:13     | Bought the cursed ring of the Heron {+Blink rPois AC-5} for 205 gold pieces
 36816 | D:8      | Learned a level 6 spell: Haste
 36994 | Swamp:1  | Entered Level 1 of the Swamp
 37072 | Swamp:1  | Reached skill level 1 in Evocations
 38734 | Swamp:1  | Found a shimmering altar of Xom.
 39904 | Swamp:2  | Noticed a thorn hunter
 39947 | Swamp:2  | Killed a thorn hunter
 39947 | Swamp:2  | Reached skill level 22 in Stealth
 40156 | Swamp:2  | You fall through a shaft!
 40652 | Swamp:3  | Noticed a thorn hunter
 40668 | Swamp:3  | Killed a thorn hunter
 40821 | Swamp:3  | Noticed a thorn hunter
 40842 | Swamp:3  | Killed a thorn hunter
 41255 | Swamp:3  | Noticed a thorn hunter
 41278 | Swamp:3  | Killed a thorn hunter
 41396 | Swamp:4  | Entered Level 4 of the Swamp
 41831 | Swamp:4  | Reached skill level 23 in Stealth
 42802 | Swamp:4  | Noticed the 27-headed Lernaean hydra
 42987 | Swamp:4  | Noticed a thorn hunter
 43766 | Elf:1    | Entered Level 1 of the Elven Halls
 43766 | Elf:1    | Found Bouv Mav's Food Shop.
 43778 | Elf:1    | Reached skill level 24 in Stealth
 43956 | Elf:1    | Found Bizythil's Antique Weapon Shop.
 44394 | Elf:1    | Found Neihaypt's Armour Boutique.
 44668 | Elf:1    | Bought the +1 robe of Orthodoxy {Int+2} for 202 gold pieces
 45851 | Elf:2    | HP: 2/85 [deep elf mage/bolt of lightning (28)]
 46410 | Elf:1    | Reached XP level 17. HP: 67/89 MP: 18/30
 47076 | D:8      | Learned a level 6 spell: Invisibility
 47674 | Elf:1    | HP: 2/89 [deep elf knight/stone arrow (20)]
 48322 | Snake:1  | Entered Level 1 of the Snake Pit
 49012 | Snake:1  | Noticed Kirke
 49079 | Snake:1  | Killed Kirke
 49147 | Snake:1  | Noticed Roxanne
 49233 | Snake:1  | Noticed Asterion
 49238 | Snake:1  | Killed Asterion
 49772 | Snake:1  | Noticed Nikola
 50245 | Snake:1  | Killed Nikola
 51209 | Snake:2  | Found Larioxto's Magic Scroll Shoppe.
 51218 | Snake:2  | Bought a scroll of enchant weapon for 97 gold pieces
 51218 | Snake:2  | Bought a scroll of teleportation for 39 gold pieces
 52204 | Snake:3  | Reached skill level 25 in Stealth
 52431 | Snake:4  | Entered Level 4 of the Snake Pit
 52695 | Snake:3  | Reached skill level 5 in Evocations
 53031 | Snake:4  | Found a frozen archway.
 53138 | IceCv    | Entered an ice cave
 53498 | IceCv    | Noticed an Ice Fiend
 56685 | Snake:4  | Reached XP level 18. HP: 93/93 MP: 26/32
 57145 | Snake:4  | Identified a +8 quick blade of pain (a +6 quick blade of freezing bloodied by Kikubaaqudgha)
 57145 | Snake:4  | Received a gift from Kikubaaqudgha
 58181 | Snake:4  | Reached skill level 26 in Stealth
 58602 | Snake:4  | Reached skill level 10 in Necromancy
 61692 | Snake:4  | Got an ichor-stained short sword {venom}
 61696 | Snake:4  | Identified the +2 short sword of Fundamental Breach {venom, rPois rF+ MR+} (You took it off a greater naga on level 4 of the Snake Pit)
 62832 | Snake:4  | Got a serpentine rune of Zot
 63432 | Swamp:4  | Got a decaying rune of Zot
 63691 | Swamp:4  | Killed the 27-headed Lernaean hydra
 64487 | Vaults:1 | Entered Level 1 of the Vaults
 64905 | Vaults:1 | Reached XP level 19. HP: 94/98 MP: 22/33
 65292 | Vaults:2 | Reached skill level 27 in Stealth
 68185 | Vaults:2 | Noticed varam's ghost (adept SpEn)
 70062 | Vaults:2 | Killed varam's ghost
 70603 | Vaults:2 | Found a staircase to the Crypt.
 72266 | Vaults:3 | Reached skill level 15 in Necromancy
 73456 | Vaults:3 | Noticed Norris
 73462 | Vaults:3 | Killed Norris
 73692 | Vaults:3 | Reached XP level 20. HP: 89/105 MP: 25/34
 75815 | Vaults:3 | Noticed Saint Roka
 75856 | Vaults:3 | Killed Saint Roka
 75929 | Vaults:3 | Gained mutation: You are occasionally teleported next to monsters. [mutagenic glow]
 77744 | Vaults:4 | Noticed Wiglaf
 77787 | Vaults:4 | Killed Wiglaf
 78477 | Vaults:4 | Noticed Frederick
 80157 | Vaults:3 | Reached XP level 21. HP: 107/113 MP: 35/35
 80158 | Vaults:3 | Lost mutation: Your body sometimes deteriorates upon taking damage. [potion of mutation]
 80159 | Vaults:3 | Gained mutation: You expend magic power (3 MP) to strengthen your wands. [potion of mutation]
 80159 | Vaults:3 | Lost mutation: You are resistant to hostile enchantments. [potion of mutation]
 80159 | Vaults:3 | Gained mutation: You passively map a small area around you. [potion of mutation]
 80646 | D:13     | Bought an uncursed ring of resist corrosion for 280 gold pieces
 81214 | Slime:1  | Entered Level 1 of the Pits of Slime
 81474 | Lair:8   | Found a runed door.
 82116 | D:8      | Lost mutation: You are partially covered in rough black scales (AC +4, Dex -1). [potion of cure mutation]
 82116 | D:8      | Lost mutation: You passively map a small area around you. [potion of cure mutation]
 82116 | D:8      | Lost mutation: You expend magic power (3 MP) to strengthen your wands. [potion of cure mutation]
 82116 | D:8      | Lost mutation: You are partially covered in molten scales (AC +1). [potion of cure mutation]
 82116 | D:8      | Lost mutation: You have hoof-like feet. [potion of cure mutation]
 82118 | D:8      | Lost mutation: You have large cloven feet. [potion of cure mutation]
 82118 | D:8      | Lost mutation: You are occasionally teleported next to monsters. [potion of cure mutation]
 82630 | Slime:1  | Reached skill level 10 in Spellcasting
 84110 | Slime:2  | Reached skill level 1 in Armour
 85371 | Slime:2  | Reached skill level 5 in Shields
 89279 | Slime:4  | Gained mutation: You are occasionally teleported next to monsters. [a shining eye]
 89279 | Slime:4  | Gained mutation: You tend to lose your temper in combat. [a shining eye]
 89282 | Slime:4  | Gained mutation: You are frail (-10% HP). [a shining eye]
 89284 | Slime:4  | Gained mutation: Your muscles are strong. (Str +2) [a shining eye]
 90219 | Slime:6  | Entered Level 6 of the Pits of Slime
 90257 | Slime:6  | Found a viscous altar of Jiyva.
 90610 | Slime:6  | Noticed the Royal Jelly
 90841 | Slime:6  | HP: 4/102 [azure jelly[the Royal Jelly] (6)]
 91926 | Crypt:1  | Entered Level 1 of the Crypt
 92312 | D:8      | Lost mutation: You are frail (-10% HP). [potion of cure mutation]
 92312 | D:8      | Lost mutation: You are occasionally teleported next to monsters. [potion of cure mutation]
 92312 | D:8      | Lost mutation: Your muscles are strong. (Str +2) [potion of cure mutation]
 92312 | D:8      | Lost mutation: You tend to lose your temper in combat. [potion of cure mutation]
 92623 | Vaults:4 | Killed Frederick
 93065 | Vaults:5 | Entered Level 5 of the Vaults
 93117 | Vaults:4 | Reached XP level 22. HP: 63/118 MP: 15/37
 94778 | Vaults:5 | Noticed a golden dragon
 95943 | Vaults:4 | Killed a golden dragon
 96283 | Vaults:5 | Got a silver rune of Zot
 96447 | Vaults:5 | Found Mewosouf's Assorted Antiques.
 96460 | Vaults:5 | Bought a metallic red potion for 27 gold pieces
 96460 | Vaults:5 | Bought a runed cloak for 139 gold pieces
 98521 | D:8      | Learned a level 9 spell: Tornado
 98904 | Vaults:5 | Reached skill level 1 in Air Magic
 99139 | Vaults:5 | Got a clouded silver ring
 99389 | Vaults:5 | Noticed an ancient lich
 99616 | Vaults:5 | Identified a +1 rod of ignition (14/14) (You took it off a deep elf high priest on level 5 of the Vaults)
 99630 | Vaults:5 | Identified the ring "Layj Niw" {rElec rPois Str+3 Dex+3} (You took it off a vault warden on level 5 of the Vaults)
 99826 | Vaults:5 | Got a translucent hand crossbow
100011 | Vaults:5 | Identified the +8 hand crossbow of Zusej {elec, rPois} (You took it off an orc knight on level 5 of the Vaults)
100631 | Vaults:5 | Reached skill level 5 in Air Magic
101487 | Vaults:5 | Killed an ancient lich
101842 | Vaults:5 | Identified the Tome of Lightness
101866 | Vaults:5 | Identified Gemiulaj's Tome of Boosting Transmigration (You found it on level 5 of the Vaults)
101912 | Vaults:5 | Got a smoking troll leather armour
101935 | Vaults:5 | Identified the +4 troll leather armour "Ogent" {rF+ rC+ Regen+ Stlth+} (You took it off a fire giant on level 5 of the Vaults)
101957 | Vaults:5 | Identified Lubov's Tome of Supportive Clay (You found it on level 5 of the Vaults)
102038 | Vaults:5 | Reached XP level 23. HP: 117/123 MP: 36/38
102523 | Vaults:5 | Found Kematrie's Magic Scroll Boutique.
102531 | Vaults:5 | Bought a scroll of enchant weapon for 142 gold pieces
102531 | Vaults:5 | Bought a scroll of blinking for 142 gold pieces
102531 | Vaults:5 | Bought a scroll of teleportation for 57 gold pieces
102531 | Vaults:5 | Bought a scroll of enchant armour for 142 gold pieces
102531 | Vaults:5 | Bought a scroll of fog for 38 gold pieces
106043 | Slime:6  | Killed the Royal Jelly
106962 | Slime:6  | Gained mutation: You are dopey. (Int -2) [a shining eye]
109075 | Slime:6  | Got a slimy rune of Zot
109102 | Slime:6  | Identified Heoco's Catalogue of Glacial Transmigration (You found it on level 6 of the Pits of Slime)
109104 | Slime:6  | Identified the Almanac of the Shifting Compass (You found it on level 6 of the Pits of Slime)
109120 | Slime:6  | Learned a level 2 spell: Shroud of Golubria
109347 | D:8      | Learned a level 4 spell: Passage of Golubria
109519 | Depths:1 | Entered Level 1 of the Depths
109564 | D:15     | Reached skill level 1 in Translocations
109960 | Depths:1 | Found a one-way gate to the infinite horrors of the Abyss.
109974 | Depths:1 | Voluntarily entered the Abyss.
110612 | Abyss:1  | Reached skill level 10 in Air Magic
111110 | Abyss:2  | Found a corrupted altar of Lugonu.
111201 | Abyss:2  | Reached skill level 5 in Translocations
111934 | Abyss:4  | Paralysed by accursed screaming for 1 turns
111940 | Abyss:4  | Paralysed by accursed screaming for 1 turns
112331 | Abyss:4  | Paralysed by accursed screaming for 2 turns
112339 | Abyss:4  | HP: 2/123 [starcursed mass/accursed screaming (10)]
112452 | Abyss:4  | Paralysed by accursed screaming for 1 turns
112544 | Abyss:4  | Killed from afar by a Hell Sentinel

Skill      XL: |  1  2  3  4  5  6  7  8  9 10 11 12 13 14 15 16 17 18 19 20 21 22 23 |
---------------+----------------------------------------------------------------------+-----
Stealth        | 5 6 8 10 12 13 15 18 20 24 25 26 27 | 27.0
Short Blades   | 2 3 4 6 8 9 10 12 | 12.0
Spellcasting   | 3 4 7 8 9 10 12 | 12.6
Hexes          | 4 5 8 10 12 | 12.4
Necromancy     | 2 3 6 8 12 15 16 17 | 17.1
Dodging        | 5 9 11 15 18 20 | 20.1
Fighting       | 1 3 5 7 9 10 11 13 | 13.9
Charms         | 10 13 | 13.2
Shields        | 4 7 9 |  9.5
Evocations     | 4 7 |  7.0
Armour         | 3 |  3.1
Air Magic      | 6 10 | 10.9
Translocations | 6 |  6.6

Action                   |  1- 3 |  4- 6 |  7- 9 | 10-12 | 13-15 | 16-18 | 19-21 | 22-24 || total
-------------------------+-------+-------+-------+-------+-------+-------+-------+-------++-------
Melee: Dagger            |    97 |    99 |   199 |   669 |  1096 |   446 |       |       ||  2606
       Mace              |       |       |     4 |     3 |       |       |       |       ||     7
       Rapier            |       |       |       |       |   153 |   417 |     6 |    58 ||   634
       Kick              |       |       |       |       |   123 |   225 |   232 |       ||   580
       Quick blade       |       |       |       |       |       |   536 |  2217 |  1832 ||  4585
       Whip              |       |       |       |       |       |       |       |    22 ||    22
       Demon whip        |       |       |       |       |       |       |       |     5 ||     5
Throw: Stone             |       |       |       |       |       |    39 |    80 |    19 ||   138
 Cast: Corona            |     1 |     1 |       |       |       |       |       |       ||     2
       Ensorcelled Hiber |    18 |    18 |    29 |    47 |   170 |    39 |     8 |       ||   329
       Confuse           |     4 |     8 |    62 |   155 |   234 |   342 |   217 |    94 ||  1116
       Dazzling Spray    |       |       |       |     9 |   145 |   286 |   223 |    43 ||   706
       Regeneration      |       |       |       |     2 |     2 |    10 |     3 |     5 ||    22
       Animate Dead      |       |       |       |     1 |    10 |   103 |    91 |    60 ||   265
       Control Undead    |       |       |       |       |     2 |       |       |       ||     2
       Dispel Undead     |       |       |       |       |    18 |    35 |    60 |    16 ||   129
       Haste             |       |       |       |       |       |    11 |     3 |     6 ||    20
       Invisibility      |       |       |       |       |       |       |    12 |     9 ||    21
       Shroud of Golubri |       |       |       |       |       |       |       |     1 ||     1
Invok: Receive Corpses   |       |       |       |     1 |    26 |    54 |    29 |    53 ||   163
       Brand Weapon With |       |       |       |       |       |     1 |       |       ||     1
       Torment           |       |       |       |       |       |       |     2 |     1 ||     3
 Abil: Evoke Blink       |       |       |       |       |       |     4 |       |       ||     4
Evoke: Wand              |       |       |       |       |       |     9 |     7 |     7 ||    23
       Phial of floods   |       |       |       |       |       |     2 |     2 |     1 ||     5
       Deck              |       |       |       |       |       |     1 |       |       ||     1
       Rod               |       |       |       |       |       |       |       |    15 ||    15
       Lamp of fire      |       |       |       |       |       |       |       |     1 ||     1
  Use: Scroll            |       |     1 |     9 |    11 |    13 |    24 |     4 |    10 ||    72
       Potion            |       |       |       |     1 |     4 |    15 |     7 |    16 ||    43
 Stab: Sleeping          |    21 |    19 |    38 |    98 |   201 |    71 |    68 |    11 ||   527
       Distracted        |     1 |       |     2 |     4 |     9 |    13 |    21 |    30 ||    80
       Confused          |     2 |     3 |    31 |    82 |   120 |   156 |   103 |    57 ||   554
       Invisible         |       |       |       |     3 |    50 |    95 |   129 |    29 ||   306
       Paralysed         |       |       |       |       |     1 |     1 |     1 |       ||     3
  Eat: Fruit             |       |     3 |     2 |     1 |       |       |    16 |       ||    22
       Bread ration      |       |       |     2 |     2 |     4 |     5 |     5 |     6 ||    24
       Pizza             |       |       |       |     1 |       |     9 |     1 |     1 ||    12
       Royal jelly       |       |       |       |       |     1 |     4 |       |     1 ||     6
Armor: Robe              |    10 |    19 |    10 |    20 |    83 |    58 |    89 |    13 ||   302
       Skin              |       |       |       |       |       |     4 |       |       ||     4
       Troll leather arm |       |       |       |       |       |       |       |    46 ||    46
Dodge: Dodged            |    54 |    98 |    60 |   260 |   733 |   600 |   583 |   747 ||  3135
Block: Other             |       |       |       |       |    20 |       |       |       ||    20
       Buckler           |       |       |       |       |     1 |   452 |   466 |   565 ||  1484
       Reflection        |       |       |       |       |       |    41 |    35 |    32 ||   108
